 Dungeon Crawl Stone Soup version 0.18-a0-952-g309898a (webtiles) character file.

1135 joyluckdolomammy the Martial Artist (level 8, -1/48 HPs)
             Began as an Octopode Transmuter on Dec 29, 2015.
             Was an Initiate of Cheibriados.
             Slain by a gnoll
             ... wielding a +0 halberd
              (9 damage)
             ... on level 6 of the Dungeon on Jan 1, 2016.
             The game lasted 00:28:35 (6690 turns).

joyluckdolomammy the Martial Artist (OpTm)          Turns: 6690, Time: 00:28:35

Health: -1/48      AC:  9    Str: 13    XL:     8   Next: 36%
Magic:  8/11       EV: 13    Int: 16    God:    Cheibriados [......]
Gold:   237        SH:  0    Dex: 14    Spells: 3 memorised, 5 levels left

rFire  . . .     SeeInvis .       - Unarmed
rCold  . . .     Gourm    .     (no shield)
rNeg   . . .     Faith    .     (helmet restricted)
rPois  .         Spirit   .     (no amulet)
rElec  .         Dismiss  .     h - ring of flight
rCorr  .         Reflect  .     (no ring)
SustAt .         Harm     .     (no ring)
MR     .....     Rnd*Rage +     (no ring)
Stlth  +++.......               (no ring)
                                (no ring)
                                (no ring)
                                (no ring)

@: very slow, not resistant to hostile enchantments, fairly stealthy
A: almost no armour, amphibious, 8 rings, constrict 8, iridescent scales 1,
rough black scales 1, camouflage 1, agile 1, berserk 1, blurry vision 1, dopey
1, sense surroundings 1, strong 1, wild magic 2, gelatinous body 1
a: Bend Time, Renounce Religion, Evoke Flight


You were on level 6 of the Dungeon.
You worshipped Cheibriados.
Cheibriados was noncommittal.
You were not hungry.

You visited 2 branches of the dungeon, and saw 7 of its levels.

You collected 237 gold pieces.

Inventory:

Hand Weapons
 b - a +2 shortbow of flaming
 i - a +1 war axe of venom
Missiles
 a - 139 arrows
 j - 112 stones
 s - 26 bolts
 v - 52 sling bullets
 z - 4 javelins (quivered)
 A - 6 arrows of frost
 H - a throwing net
Magical Staves
 k - an uncursed staff of fire {unknown}
Jewellery
 h - a ring of flight (left tentacle)
Wands
 o - a wand of frost (39/48)
 q - a wand of cold (11/15)
 C - a wand of confusion (18/48)
Scrolls
 m - a scroll of teleportation {unknown}
 p - 3 scrolls of enchant weapon
 r - a scroll of immolation {unknown}
 w - a scroll of fear {unknown}
 y - 3 scrolls of remove curse {unknown}
 G - a scroll of amnesia {unknown}
 J - a scroll of fog {unknown}
Potions
 e - a potion of brilliance
 l - 3 potions of curing
 n - 3 potions of berserk rage
 t - a potion of degeneration {unknown}
 u - a potion of invisibility {unknown}
 B - a potion of lignification {unknown}
 D - a potion of poison {unknown}
Books
 I - a book of Changes

   Spells                             Type                      Level
   a - Beastly Appendage              Transmutation                1
   b - Sticks to Snakes               Transmutation                2
   c - Spider Form                    Transmutation/Poison         3
   d - Ice Form                       Ice/Transmutation            4
   e - Blade Hands                    Transmutation                5
Comestibles
 c - 5 bread rations
 d - a meat ration
 f - a beef jerky
 x - 3 fruits
 E - a slice of pizza


   Skills:
 - Level 1.2 Fighting
 + Level 1.5 Bows
 - Level 3.0 Dodging
 - Level 2.2 Stealth
 + Level 9.4 Unarmed Combat
 - Level 2.0 Spellcasting
 - Level 2.2 Transmutations
 + Level 0.2 Invocations


You had 5 spell levels left.
You knew the following spells:

 Your Spells              Type           Power        Failure   Level  Hunger
a - Beastly Appendage     Trmt           ###...       32%         1    #......
b - Spider Form           Trmt/Pois      ##........   69%         3    ###....
c - Sticks to Snakes      Trmt           ###.....     41%         2    ###....


Dungeon Overview and Level Annotations

Branches:
Dungeon (6/15)             Temple (1/1) D:5

Altars:
Ashenzari
Cheibriados
Dithmenos
Elyvilon
Fedhas
Gozag
Kikubaaqudgha
Makhleb
Nemelex Xobeh
Okawaru
Pakellas
Qazlal
Ru
Sif Muna
Trog
Vehumet
Xom
Yredelemnul
Zin
The Shining One

Shops:
D:4 =   D:5 :


Innate Abilities, Weirdness & Mutations

You cannot wear most types of armour.
You are amphibious.
You can wear up to eight rings at the same time.
You can use your tentacles to constrict eight enemies at once.
Your skin changes colour to match your surroundings (Stealth).
Your rubbery body absorbs attacks (AC +1).
You are partially covered in iridescent scales (AC +4).
You are partially covered in rough black scales (AC +4, Dex -1).
You are agile. (Dex +2)
You tend to lose your temper in combat.
Scrolls take you a little longer to read.
You are dopey. (Int -2)
You passively map a small area around you.
Your muscles are strong. (Str +2)
Your spells are harder to cast, but more powerful.


Message History

The gnoll sergeant hits you with a spear!
* * * LOW HITPOINT WARNING * * *
Okay, then.
Unknown command.
You fail to use your ability.
You constrict the gnoll sergeant, but do no damage.
The gnoll misses you. x2
The gnoll sergeant hits you with a spear.
* * * LOW HITPOINT WARNING * * *
The gnoll misses you. The flow of time bends around you.
The gnoll sergeant resists with some effort.
Cheibriados rebukes the gnoll.
The gnoll seems to slow down.
You feel slightly more hungry.
You constrict the gnoll sergeant.
You kill the gnoll sergeant!
Cheibriados thoroughly appreciates the change of pace.
The gnoll barely misses you.
The gnoll hits you from afar with a halberd!
You die...

##########
#....(...#
,#........#
#........#
,#.......##
*,
,#....<..##
#....>...#
,* ,
#........#
, * ,*
#...(@..##
, *,,
#...>g..##
, * , * ,
#...gg...+
,
#....(<..#,
, *
,#..(....##
* ,
,#.......##
, ,,
#<.(.....#
, * *
#<....(..#
* , *
#.).....##
# ,


You could see 3 gnolls.

Vanquished Creatures
  2 sky beasts (D:5)
  A phantom (D:4)
  2 centaurs (D:5)
  2 gnoll sergeants
  A giant frog (D:5)
  A scorpion (D:4)
  A quasit (D:5)
  A crimson imp (D:5)
  A hound (D:5)
  2 orc priests
  An iguana (D:4)
  2 orc wizards (D:5)
  A worker ant (D:3)
  9 gnolls
  7 adders
  2 oozes
  3 worms
  12 orcs
  3 giant cockroaches (D:2)
  5 hobgoblins
  9 jackals
  6 kobolds
  2 quokkas
  A ball python (D:2)
  11 bats
  5 giant geckos
  3 giant newts
  5 goblins
  7 rats
108 creatures vanquished.

Notes
Turn   | Place    | Note
--------------------------------------------------------------
     0 | D:1      | joyluckdolomammy the Octopode Transmuter began the quest for the Orb.
     0 | D:1      | Reached XP level 1. HP: 13/13 MP: 3/3
   131 | D:1      | Reached XP level 2. HP: 16/18 MP: 5/5
   474 | D:1      | Upgraded the game from 0.18-a0-943-g2c08dd4 to 0.18-a0-952-g309898a
   582 | D:2      | Reached skill level 4 in Unarmed Combat
   716 | D:2      | Reached XP level 3. HP: 7/23 MP: 4/6
  1260 | D:2      | Learned a level 3 spell: Spider Form
  1263 | D:2      | Learned a level 2 spell: Sticks to Snakes
  1348 | D:2      | Reached XP level 4. HP: 20/28 MP: 3/7
  1954 | D:2      | Reached skill level 5 in Unarmed Combat
  2623 | D:3      | Gained mutation: You possess an exceptional clarity of mind. [potion of mutation]
  2623 | D:3      | Gained mutation: You passively map a small area around you. [potion of mutation]
  2623 | D:3      | Gained mutation: You evolve. [potion of mutation]
  2624 | D:3      | Gained mutation: Scrolls take you a little longer to read. [potion of mutation]
  2624 | D:3      | Gained mutation: Your spells are a little harder to cast, but a little more powerful. [potion of mutation]
  2625 | D:3      | Gained mutation: You tend to lose your temper in combat. [potion of mutation]
  2625 | D:3      | Gained mutation: You are partially covered in rough black scales (AC +4, Dex -1). [potion of mutation]
  2625 | D:3      | Gained mutation: You are partially covered in iridescent scales (AC +4). [potion of mutation]
  2994 | D:3      | Reached XP level 5. HP: 33/33 MP: 8/8
  3118 | D:3      | Reached skill level 1 in Stealth
  3623 | D:4      | Noticed a phantom
  3712 | D:4      | Killed a phantom
  3712 | D:4      | Reached XP level 6. HP: 17/38 MP: 1/9
  4161 | D:4      | Found a shadowy altar of Dithmenos.
  4284 | D:4      | Reached skill level 6 in Unarmed Combat
  4656 | D:4      | Found Apopeori's Jewellery Boutique.
  4674 | D:5      | Entered Level 5 of the Dungeon
  4753 | D:5      | Reached XP level 7. HP: 43/43 MP: 8/10
  4770 | D:5      | Reached skill level 7 in Unarmed Combat
  4925 | D:5      | Gained mutation: Your spells are harder to cast, but more powerful. [mutagenic meat]
  4926 | D:5      | Gained mutation: You are dopey. (Int -2) [mutagenic meat]
  4927 | D:5      | Lost mutation: You evolve. [mutagenic meat]
  4928 | D:5      | Gained mutation: Your muscles are strong. (Str +2) [mutagenic meat]
  4929 | D:5      | Gained mutation: You are agile. (Dex +2) [mutagenic meat]
  4930 | D:5      | Lost mutation: You possess an exceptional clarity of mind. [mutagenic meat]
  5145 | D:5      | Found a glowing silver altar of Zin.
  5169 | D:5      | Found Ugugat's Book Shoppe.
  5179 | D:5      | Reached skill level 8 in Unarmed Combat
  5407 | D:5      | Found a staircase to the Ecumenical Temple.
  5417 | Temple   | Entered the Ecumenical Temple
  5571 | Temple   | Became a worshipper of Cheibriados the Contemplative
  5620 | D:5      | Found an iron altar of Okawaru.
  5620 | D:5      | Found a glowing golden altar of the Shining One.
  6021 | D:5      | Reached XP level 8. HP: 42/48 MP: 9/11
  6087 | D:5      | Reached skill level 1 in Bows
  6357 | D:5      | Reached skill level 9 in Unarmed Combat
  6690 | D:6      | Slain by a gnoll

Vault maps used:
D:1:      enne_arrival_octagon_isle
D:2:      minmay_door_path, roderic_chinese_pattern_swastika,
          small_statue_intersection
D:3:      first_bread, serial_curves, eino_curves_03, eino_curves_04,
          eino_curves_04, eino_curves_03, minmay_statues_item
D:4:      serial_shops, kennysheep_little_box, nicolae_dithmenos_shadow_blocks
D:5:      gammafunk_temple_overflow_statue, minmay_temple_entry_statues_pillars,
          basic_altar, serial_shops, nicolae_shop_stone
D:6:      eino_tiny_chamber, minivault_26
Temple:   nicolae_temple_elliptical

Action                   |  1- 3 |  4- 6 |  7- 9 || total
-------------------------+-------+-------+-------++-------
Melee: Unarmed           |    61 |   154 |    96 ||   311
 Fire: Shortbow          |       |       |    10 ||    10
 Cast: Beastly Appendage |     1 |    11 |     4 ||    16
       Spider Form       |     2 |     2 |       ||     4
       Sticks to Snakes  |       |     4 |       ||     4
Invok: Bend Time         |       |       |     1 ||     1
  Use: Scroll            |     2 |     5 |     1 ||     8
       Potion            |       |     4 |     3 ||     7
 Stab: Sleeping          |     3 |     5 |     3 ||    11
       Distracted        |       |       |     1 ||     1
  Eat: Chunk             |     1 |    11 |    14 ||    26
       Fruit             |       |     1 |     1 ||     2
